 Dungeon Crawl Stone Soup version 0.31-a0-955-gcb8bc90ed4 (webtiles) character file.

Game seed: 16480232713838578488

5854 Pixllover the Geomancer (level 10, -14/52 HPs)
             Began as a Gargoyle Earth Elementalist on Oct 21, 2023.
             Was a Believer of Vehumet.
             Killed from afar by a gargoyle (17 damage)
             ... with a stone arrow
             ... on level 8 of the Dungeon on Oct 22, 2023.
             The game lasted 00:22:42 (7814 turns).

Pixllover the Geomancer (GrEE)                      Turns: 7814, Time: 00:22:42

Health: -14/52     AC: 18    Str: 13    XL:     10   Next: 81%
Magic:  16/24      EV: 17    Int: 19    God:    Vehumet [**....]
Gold:   475        SH:  0    Dex: 10    Spells: 24/30 levels left

rFire   + . .        D - +3 Elemental Staff {ele, rElec rF+ rC+ AC+3}
rCold   + . .        (no shield)
rNeg    + . .        E - +1 robe
rPois   ∞            d - +2 hat
rElec   +            h - +0 cloak
rCorr   .            e - +1 pair of gloves
SInv    .            (no boots)
Will    .....        (no amulet)
Stlth   ++           f - +5 ring of evasion
HPRegen 0.28/turn    (no ring)
MPRegen 0.19/turn

%: no passive effects
@: no status effects
A: sickness immunity, AC +7, negative energy resistance 1, electricity
resistance, torment resistance 1, petrification resistance
a: Renounce Religion


You were on level 8 of the Dungeon.
You worshipped Vehumet.
Vehumet was pleased with you.
You visited 2 branches of the dungeon, and saw 10 of its levels.

You collected 508 gold pieces.
You spent 33 gold pieces at shops.

Inventory:

Hand Weapons
 A - a +1 mace
 D - the +3 Elemental Staff (weapon) {ele, rElec rF+ rC+ AC+3}
   (You took it off a deep elf pyromancer on level 8 of the Dungeon)

   AC+3:      It affects your AC (+3).
   rF+:       It protects you from fire.
   rC+:       It protects you from cold.
   rElec:     It insulates you from electricity.
Missiles
 c - 25 poisoned darts (quivered)
 v - a throwing net
Armour
 d - a +2 hat (worn)
 e - a +1 pair of gloves (worn)
 h - a +0 cloak (worn)
 E - a +1 robe (worn)
Jewellery
 f - a +5 ring of evasion (left hand)
Wands
 u - a wand of flame (4)
 x - a wand of paralysis (25)
Scrolls
 j - 2 scrolls of blinking
 w - a scroll of enchant armour
 y - a scroll of poison {unknown}
 z - 3 scrolls of fog {unknown}
 B - a scroll of enchant weapon {unknown}
 C - a scroll of teleportation
Potions
 b - a potion of magic
 g - a potion of mutation {unknown}
 i - 2 potions of curing {unknown}
 k - a potion of might {unknown}
 l - 2 potions of brilliance
 m - 2 potions of berserk rage {unknown}
 n - 4 potions of haste
 o - 4 potions of heal wounds
 p - 2 potions of lignification {unknown}
 q - a potion of enlightenment {unknown}
 r - 2 potions of ambrosia {unknown}
 s - 2 potions of attraction {unknown}
 t - a potion of cancellation {unknown}


   Skills:
 + Level 1.5 Fighting
 + Level 2.9 Dodging
 + Level 3.7 Stealth
 + Level 10.6 Spellcasting
 + Level 0.7 Transmutations
 + Level 12.7 Earth Magic


You had 24 spell levels left.
You knew the following spells:

 Your Spells              Type           Power      Damage    Failure   Level
a - Sandblast             Erth           100%       2d20      1%          1
b - Passwall              Tmut/Erth      43%        N/A       1%          2
c - Stone Arrow           Conj/Erth      100%       3d13      1%          3

Your spell library contained the following spells:

 Spells                   Type           Power      Damage    Failure   Level
 Scorch                   Fire           30%        2d6       11%         2
 Brom's Barrelling Bould  Conj/Erth      51%        2d7       4%          4
 Petrify                  Tmut/Erth      52%        N/A       4%          4
 Kiss of Death            Conj/Necr      40%        2d8       7%          1
 Magic Dart               Conj           40%        1d5       7%          1
 Shock                    Conj/Air       60%        1d6       7%          1
 Call Imp                 Summ           20%        N/A       11%         2
 Confusing Touch          Hex            10%        N/A       22%         3
 Mephitic Cloud           Conj/Pois/Air  15%        N/A       22%         3
 Swiftness                Air            15%        N/A       22%         3
 Airstrike                Air            7%         2d(2-18)  56%         4
 Dispel Undead            Necr           10%        3d9       56%         4
 Vhi's Electric Charge    Tloc/Air       30%        N/A       56%         4
 Arcjolt                  Conj/Air       7%         1d17      89%         5
 Death Channel            Necr           5%         N/A       100%        6
 Maxwell's Capacitive Co  Air            7%         ∞         100%        8
 Cigotuvi's Dreadful Rot  Necr/Pois/Air  Unusable   N/A       N/A         2

Dungeon Overview and Level Annotations

Branches:
Dungeon (9/15)             Temple (1/1) D:6            Lair (0/5) D:8
    Orc: D:9-12

Altars:
Ashenzari
Cheibriados
Dithmenos
Elyvilon
Fedhas
Gozag
Hepliaklqana
Kikubaaqudgha
Makhleb
Nemelex Xobeh
Okawaru
Qazlal
Ru
Sif Muna
Uskayaw
Vehumet
Wu Jian
Xom
Yredelemnul
Zin
The Shining One

Shops:
D:4 *[=*   D:7 :


Innate Abilities, Weirdness & Mutations

You are immune to sickness and miasma.
Your stone body is resilient. (AC +7)
You are immune to poison.
You resist negative energy. (rN+)
You are resistant to electric shocks. (rElec)
You are resistant to unholy torment.
You are immune to petrification.


Message History

Casting: Sandblast (safe; 1% risk of failure)
Confirm with . or Enter, or press ? or * to list all spells.
Aiming: Sandblast (safe; 1% risk of failure)
Press: ? - help, Shift-Dir - straight line, f/p - gargoyle
Aim: a gargoyle, wielding a +0 morningstar (moderately damaged, 93% to hit)
You feel a surge of power!
The blast of sand hits the gargoyle.
The gargoyle is heavily damaged.
The gargoyle hurls a stone arrow at you.
The stone arrow hits you.
Casting: Sandblast (safe; 1% risk of failure)
Confirm with . or Enter, or press ? or * to list all spells.
Aiming: Sandblast (safe; 1% risk of failure)
Press: ? - help, Shift-Dir - straight line, f/p - gargoyle
Aim: a gargoyle, wielding a +0 morningstar (heavily damaged, 93% to hit)
You feel a surge of power!
The blast of sand hits the gargoyle but does no damage.
The gargoyle is heavily damaged.
The gargoyle hits you but does no damage. x2
Casting: Sandblast (safe; 1% risk of failure)
Confirm with . or Enter, or press ? or * to list all spells.
Aiming: Sandblast (safe; 1% risk of failure)
Press: ? - help, Shift-Dir - straight line, f/p - gargoyle
Aim: a gargoyle, wielding a +0 morningstar (heavily damaged, 93% to hit)
You feel a surge of power!
The blast of sand hits the gargoyle but does no damage.
The gargoyle is heavily damaged.
The gargoyle barely misses you.
Casting: Sandblast (safe; 1% risk of failure)
Confirm with . or Enter, or press ? or * to list all spells.
Aiming: Sandblast (safe; 1% risk of failure)
Press: ? - help, Shift-Dir - straight line, f/p - gargoyle
Aim: a gargoyle, wielding a +0 morningstar (heavily damaged, 93% to hit)
You feel a surge of power!
The blast of sand hits the gargoyle.
The gargoyle is severely damaged.
The gargoyle barely misses you.
The gargoyle hits you with a +0 morningstar!!
* * * LOW HITPOINT WARNING * * *
The gargoyle hurls a stone arrow at you.
The stone arrow hits you!
You die...

#.####≈##..#'...'#..##≈
#.###≈§≈####.....####≈≈
#.##≈≈≈§≈##.......##≈≈°
#..##≈≈§####.....## #≈≈
##..##§##.E#+...+# #≈
##..###....##.## #
##..# ...###
##.###....## #.@.9#
####># ##


You could see a gargoyle.

Vanquished Creatures
  A deep elf pyromancer (D:8)
  2 trolls
  A raiju (D:8)
  A hornet (D:6)
  6 yaks (D:8)
  A wyvern (D:7)
  4 steam dragons
  Menkaure (D:7)
  2 water moccasins (D:8)
  An ice beast (D:8)
  A black bear (D:4)
  2 ogres
  4 centaurs
  2 wolves (D:8)
  A phantom (D:5)
  A kobold brigand (D:8)
  2 bullfrogs
  4 scorpions
  7 wights
  A killer bee (D:4)
  2 howler monkeys
  An electric eel (D:8)
  9 hounds
  5 orc priests
  A gnoll bouda (D:5)
  3 iguanas
  3 orc wizards
  8 gnolls
  8 adders
  A shadow imp (D:8)
  2 white imps
  2 ufetubi (D:5)
  3 dart slugs
  18 orcs
  4 ball pythons
  3 endoplasms
  4 giant cockroaches
  13 goblins
  8 hobgoblins
  6 jackals
  3 quokkas
  4 bats
  5 frilled lizards
  16 kobolds
  3 rats
180 creatures vanquished.

Vanquished Creatures (others)
  A gnoll (D:5)
1 creature vanquished.

Grand Total: 181 creatures vanquished

Notes
Turn   | Place    | Note
-------+----------+-------------------------------------------
     0 | D:1      | Pixllover the Gargoyle Earth Elementalist began the quest
                  | for the Orb.
     0 | D:1      | Reached XP level 1. HP: 10/10 MP: 3/3
   194 | D:1      | Reached skill level 4 in Earth Magic
   296 | D:1      | Reached XP level 2. HP: 15/15 MP: 1/5
  1096 | D:1      | Found a faded altar of an unknown god.
  1146 | D:2      | Reached XP level 3. HP: 19/19 MP: 4/6
  1932 | D:3      | Found a burning altar of Makhleb.
  1979 | D:3      | Reached XP level 4. HP: 20/24 MP: 1/8
  1982 | D:3      | Learned a level 2 spell: Passwall
  2112 | D:3      | Found an iron altar of Okawaru.
  2117 | D:3      | Found a basalt altar of Yredelemnul.
  2120 | D:3      | Found a hazy altar of Hepliaklqana.
  2134 | D:3      | Found an opulent altar of Gozag.
  2446 | D:4      | Noticed a scorpion
  2446 | D:4      | Found Hyanerun's Jewellery Boutique.
  2446 | D:4      | Found Mamneg's General Store.
  2447 | D:4      | Found Sanij's Assorted Antiques.
  2453 | D:4      | Killed a scorpion
  2454 | D:4      | Reached skill level 5 in Earth Magic
  2454 | D:4      | Reached XP level 5. HP: 28/28 MP: 3/10
  2506 | D:4      | Found Yzint's Antique Armour Boutique.
  2525 | D:4      | Bought a scroll of teleportation for 33 gold pieces
  2580 | D:4      | Noticed an ogre
  2587 | D:4      | Killed an ogre
  2588 | D:4      | Reached XP level 6. HP: 32/32 MP: 5/12
  2731 | D:4      | Reached skill level 6 in Earth Magic
  2823 | D:4      | Noticed a black bear
  2900 | D:4      | Upgraded the game from 0.31-a0-948-gf5be29c462 to
                  | 0.31-a0-955-gcb8bc90ed4
  2950 | D:4      | Killed a black bear
  2951 | D:4      | Reached XP level 7. HP: 27/36 MP: 3/14
  3790 | D:5      | Entered Level 5 of the Dungeon
  3815 | D:5      | Reached skill level 5 in Spellcasting
  3815 | D:5      | Reached skill level 7 in Earth Magic
  3950 | D:5      | Noticed a steam dragon
  4090 | D:6      | Noticed a troll
  4095 | D:6      | Killed a troll
  4096 | D:6      | Reached skill level 8 in Earth Magic
  4096 | D:6      | Reached XP level 8. HP: 41/41 MP: 12/16
  4374 | D:6      | Noticed a hornet
  4388 | D:6      | HP: 2/41 [hornet (8)]
  4389 | D:6      | Killed a hornet
  4555 | D:6      | Found a staircase to the Ecumenical Temple.
  4561 | Temple   | Entered the Ecumenical Temple
  4587 | Temple   | Became a worshipper of Vehumet
  4681 | D:6      | Reached skill level 9 in Earth Magic
  4901 | D:6      | Found a glowing golden altar of the Shining One.
  5260 | D:5      | Reached XP level 9. HP: 33/46 MP: 12/19
  5420 | D:5      | Found a white marble altar of Elyvilon.
  5505 | D:5      | Learned a level 3 spell: Stone Arrow
  6144 | D:7      | Reached * piety under Vehumet
  6144 | D:7      | Offered knowledge of Foxfire by Vehumet.
  6145 | D:7      | Reached skill level 10 in Earth Magic
  6183 | D:7      | Noticed Menkaure
  6186 | D:7      | Killed Menkaure
  6280 | D:7      | Found Biavim's Tremendous Tomes.
  6813 | D:8      | Reached skill level 11 in Earth Magic
  6851 | D:8      | Reached XP level 10. HP: 32/51 MP: 15/23
  6956 | Bailey   | Identified the "Uroklab"
  7129 | D:8      | Reached ** piety under Vehumet
  7134 | D:8      | Found a staircase to the Lair.
  7192 | D:8      | Found a hide-covered altar of Uskayaw.
  7198 | D:8      | Offered knowledge of Searing Ray by Vehumet.
  7203 | D:8      | Reached skill level 1 in Fighting
  7292 | D:8      | Reached skill level 10 in Spellcasting
  7292 | D:8      | Reached skill level 12 in Earth Magic
  7385 | D:8      | Found a shimmering altar of Xom.
  7396 | D:8      | Found a sparkling altar of Nemelex Xobeh.
  7685 | D:8      | Noticed a deep elf pyromancer
  7689 | D:8      | Killed a deep elf pyromancer
  7689 | D:8      | Offered knowledge of Scorch by Vehumet.
  7802 | D:8      | Noticed a gargoyle
  7813 | D:8      | HP: 2/52 [gargoyle/+0 morningstar (19)]
  7814 | D:8      | Killed from afar by a gargoyle

Illustrated notes

Levels and vault maps discovered:
D:1:      roderic_dead_forest, layout_loops_corners,
          dreamdust_ecumenical_altar_angels_and_demons, hangedman_decor_points
D:2:      layout_basic, serial_corexii_hall, corexii_hall_statues_deadend,
          corexii_hall_statues_s
D:3:      layout_rooms, lightli_temple_of_fire, grunt_temple_overflow_open
D:4:      layout_layer_cave, minmay_shop_grid_forest,
          chequers_serial_rivers_large_a, grunt_ministairs_14,
          hangedman_decor_opposing, nzn_random_ring
D:5:      layout_loops_ring, nicolae_elyvilon_peaceful_grove
D:6:      layout_cave_pods, tso_altar, minmay_temple_entry_enclosed_plants
D:7:      cheibrodos_quashed, layout_cave_pods, nicolae_shop_i_like_big_books,
          uniq_menkaure
D:8:      layout_rooms, eat_drink_and_be_merry_uskayaw,
          amethyst_overflow_temple_binary, erik_lair_island,
          dilly_guarded_unrand_elemental_staff
D:9:      layout_roguey, enter_bailey_2, uniq_joseph
Temple:   nicolae_temple_bog_church

Skill      XL: |  1  2  3  4  5  6  7  8  9 10 |
---------------+-------------------------------+-----
Earth Magic    | 4 5 6 8 9 11 12 | 12.7
Spellcasting   | 3 4 5 7 9 10 | 10.6
Dodging        | 2 |  2.9
Stealth        | 3 |  3.7
Fighting       | 1 |  1.5
Transmutations | |  0.7

Action                     |  1- 3 |  4- 6 |  7- 9 | 10-12 || total
---------------------------+-------+-------+-------+-------++-------
  Melee: Unarmed           |     1 |       |       |       ||     1
   Cast: Sandblast         |    49 |    65 |   156 |    88 ||   358
    Use: Scroll            |     2 |     5 |     5 |     2 ||    14
 Armour: Robe              |     8 |    18 |    52 |    44 ||   122
  Dodge: Dodged            |     8 |    30 |    57 |    48 ||   143

Table legend: (Time is in decaauts)
 A = Elapsed time spent in this place.
 B = Non-inter-level travel time spent in this place.
 C = Inter-level travel time spent in this place.
 D = Time resting spent in this place.
 E = Time spent auto-exploring this place.
 F = Levels seen in this place.
 G = Mean time per level.
                   A        B        C        D        E       F      G
               +--------+--------+--------+--------+--------+-----+--------+
         Total |   8010 |   7866 |    144 |   1352 |   4262 |  10 |  801.0 |
       Dungeon |   7950 |   7806 |    144 |   1352 |   4262 |   9 |  883.3 |
        Temple |     59 |     59 |      0 |      0 |      0 |   1 |   59.0 |
               +--------+--------+--------+--------+--------+-----+--------+

Top non-repeatable levels by time:
     D:4: 1321 daAuts
     D:6: 1250 daAuts
     D:1: 1133 daAuts
     D:5: 908 daAuts
     D:8: 900 daAuts
     D:7: 871 daAuts
     D:2: 795 daAuts
     D:3: 611 daAuts
     D:9: 158 daAuts
  Temple: 59 daAuts
